 Dungeon Crawl Stone Soup version 0.31-a0-702-gf82c85558f (webtiles) character file.

Game seed: 5654238637969570314

122 arkain123 the Shield-Bearer (level 4, -1/41 HPs)
             Began as a Minotaur Fighter on Sept 8, 2023.
             Killed from afar by an orc wizard (8 damage)
             ... with a puff of flame
             ... on level 3 of the Dungeon.
             The game lasted 00:08:47 (1703 turns).

arkain123 the Shield-Bearer (Minotaur Fighter)      Turns: 1703, Time: 00:08:47

Health: -1/41      AC: 13    Str: 23    XL:     4   Next: 78%
Magic:  3/3        EV:  9    Int:  5    God:
Gold:   116        SH:  4    Dex:  9    Spells: 3/3 levels left

rFire   . . .        a - +1 war axe
rCold   . . .        c - +0 buckler
rNeg    . . .        b - +0 scale mail
rPois   .            (helmet restricted)
rElec   .            (no cloak)
rCorr   .            q - +0 pair of gloves
SInv    .            B - +0 pair of boots
Will    .....        (no amulet) Stlth
                     j - +4 ring of protection
HPRegen 0.26/turn    (no ring)
MPRegen 0.08/turn

%: no passive effects
@: lethally poisoned (-1 -> -6), studying Fighting
A: horns 2, retaliatory headbutt
a: no special abilities


You were on level 3 of the Dungeon.
You visited 1 branch of the dungeon, and saw 3 of its levels.

You collected 116 gold pieces.

Inventory:

Hand Weapons
 a - a +1 war axe (weapon)
 f - a +0 mace
 g - a +0 short sword
 h - a +0 dagger
 i - a +0 long sword
 t - a +0 whip
 u - a +0 whip of electrocution
 v - a +0 halberd
 x - a +0 halberd
 y - a +0 dagger
 z - a +0 club
 A - a +0 sling
Missiles
 w - 4 boomerangs
Armour
 b - a +0 scale mail (worn)
 c - a +0 buckler (worn)
 e - a +0 ring mail
 k - a +0 cloak
 l - a +0 robe
 n - a +0 leather armour
 q - a +0 pair of gloves (worn)
 s - a +0 scale mail
 B - a +0 pair of boots (worn)
Jewellery
 j - a +4 ring of protection (left hand)
Scrolls
 o - a scroll of noise {unknown}
 r - a scroll of identify
 C - a scroll of amnesia {unknown}
Potions
 d - a potion of might
 m - 2 potions of attraction
 p - 4 potions of curing
 D - a potion of haste {unknown}


   Skills:
 + Level 4.5 Fighting
 + Level 3.7 Axes
 + Level 4.4 Armour
 + Level 0.4 Dodging
 + Level 4.9 Shields


You had 3 spell levels left.
You didn't know any spells.
Your spell library was empty.

Dungeon Overview and Level Annotations

Branches:
Dungeon (3/15)

Altars:

Shops:
D:1 :   D:2 ?


Innate Abilities, Weirdness & Mutations

You have a pair of horns on your head.
You reflexively headbutt those who attack you in melee.


Message History

You feel sick. The orc attacks as it pursues you!
The orc hits you but does no damage.
Things that are here:
a +0 short sword; a +0 ring mail; an orc corpse You slash the orc!
You kill the orc!
You feel less confused.
You feel sick.
You slash something!
You feel sick.
You are no longer poisoned.
Something hits you.
You barely miss something.
Something hits you but does no damage. x2
The orc hits you but does no damage.
You are poisoned.
You barely miss something. You barely miss the orc.
You feel very sick.
You hear some strange, mumbled words.
A magic dart appears from out of thin air!
The magic dart hits you. You block the orc's attack.
You closely miss something. You hit the orc.
You feel sick. Something hits you. The orc hits you but does no damage.
You are more poisoned.
Something hits you but does no damage.
You closely miss something. You hit the orc but do no damage.
You feel very sick. The orc closely misses you.
Something hits you but does no damage. The orc closely misses you.
You closely miss something. You hit the orc.
* * * LOW HITPOINT WARNING * * *
You feel very sick. Something hits you but does no damage.
The orc barely misses you. You furiously retaliate!
You headbutt the orc.
You kill the orc!
You feel sick. Something hits you but does no damage.
You see here a +0 dagger.
You feel sick.
You hear some strange, mumbled words.
A puff of flame appears from out of thin air!
The puff of flame hits you!
You die...

#########
......[.#
........##
.........##
.........o#
#####.))#)......
###{###.....
#)@## .... ##..#
... ##.# .. #.#
#
#######.#######
#.....(........
#..........#.<.
#..........#
#..........#


There were no monsters in sight!

Vanquished Creatures
  3 adders (D:2)
  3 gnolls (D:2)
  2 dart slugs (D:1)
  7 orcs (D:3)
  7 endoplasms
  A giant cockroach (D:2)
  4 goblins
  4 hobgoblins (D:2)
  4 kobolds (D:1)
  3 quokkas
  2 ball pythons (D:1)
  5 bats
  4 frilled lizards
  5 rats
54 creatures vanquished.

Notes
Turn   | Place    | Note
-------+----------+-------------------------------------------
     0 | D:1      | arkain123 the Minotaur Fighter began the quest for the Orb.
     0 | D:1      | Reached XP level 1. HP: 19/19 MP: 0/0
   156 | D:1      | Reached XP level 2. HP: 23/27 MP: 1/1
   306 | D:1      | Found Oxidgh's Book Shop.
   853 | D:1      | Reached XP level 3. HP: 30/33 MP: 2/2
   962 | D:1      | Identified a scroll of acquirement
   962 | D:1      | Acquired a manual of Fighting
  1170 | D:2      | Reached XP level 4. HP: 9/40 MP: 3/3
  1272 | D:2      | Found Inoem's Magic Scroll Shop.
  1630 | D:2      | You fall into a shaft and drop 1 floor!
  1703 | D:3      | Killed from afar by an orc wizard

Illustrated notes

Levels and vault maps discovered:
D:1:      dpeg_chamrin_arrival_tetris, layout_basic, serial_shops,
          nicolae_shop_crystal, kennysheep_boxes
D:2:      layout_rooms, serial_shops, shop_fountains
D:3:      layout_rooms

Skill      XL: |  1  2  3 |
---------------+----------+-----
Shields        | 4 |  4.9
Fighting       | 4 |  4.5
Armour         | 4 |  4.4
Axes           | 3 |  3.7
Dodging        | |  0.4

Action                     |  1- 3 |  4- 6 || total
---------------------------+-------+-------++-------
  Melee: War axe           |    59 |    41 ||   100
         Headbutt          |    14 |     4 ||    18
    Use: Scroll            |     5 |     2 ||     7
         Potion            |     2 |     1 ||     3
 Armour: Scale mail        |    75 |    54 ||   129
  Dodge: Dodged            |    48 |    26 ||    74
  Block: Buckler           |    24 |    11 ||    35

Table legend: (Time is in decaauts)
 A = Elapsed time spent in this place.
 B = Non-inter-level travel time spent in this place.
 C = Inter-level travel time spent in this place.
 D = Time resting spent in this place.
 E = Time spent auto-exploring this place.
 F = Levels seen in this place.
 G = Mean time per level.
                   A        B        C        D        E       F      G
               +--------+--------+--------+--------+--------+-----+--------+
         Total |   1739 |   1739 |      0 |      0 |      0 |   3 |  579.7 |
       Dungeon |   1739 |   1739 |      0 |      0 |      0 |   3 |  579.7 |
               +--------+--------+--------+--------+--------+-----+--------+

Top non-repeatable levels by time:
     D:1: 1019 daAuts
     D:2: 642 daAuts
     D:3: 77 daAuts
